 Dungeon Crawl Stone Soup version 0.17-a0-2027-gcac42c4 (webtiles) character file.

51 Ijustatesigmund the Insei (level 3, -2/23 HPs)
             Began as an Octopode Transmuter on Oct 10, 2015.
             Slain by an adder (5 damage)
             ... on level 2 of the Dungeon.
             The game lasted 00:05:41 (1834 turns).

Ijustatesigmund the Insei (Octopode Transmuter)     Turns: 1834, Time: 00:05:41

Health: -2/23      AC:  1    Str:  9    XL:     3   Next: 83%
Magic:  6/6        EV: 12    Int: 16    God:
Gold:   49         SH:  0    Dex: 12    Spells: 3 memorised, 0 levels left

rFire  + . .     SeeInvis .     k - +0 short sword
rCold  . . .     Clarity  .     (no shield)
rNeg   . . .     SustAt   .     (helmet restricted)
rPois  .         Gourm    .     (no amulet)
rElec  .         Spirit   .     g - ring of flight
rCorr  .         Warding  .     l - ring of protection from fire
rMut   .         Stasis   .     (no ring)
MR     .....                    (no ring)
Stlth  ++........               (no ring)
                                (no ring)
                                (no ring)
                                (no ring)

@: confused, not resistant to hostile enchantments, unstealthy
A: almost no armour, amphibious, 8 rings, constrict 8, camouflage 1, gelatinous
body 1
a: Evoke Flight


You were on level 2 of the Dungeon.
You were not hungry.

You visited 1 branch of the dungeon, and saw 2 of its levels.

You collected 49 gold pieces.

Inventory:

Hand Weapons
 e - a +0 dagger
 k - a +0 short sword (weapon)
Missiles
 a - 8 arrows
Jewellery
 f - an uncursed amulet of stasis
 g - a ring of flight (left tentacle)
 l - a ring of protection from fire (right tentacle)
Potions
 d - a potion of resistance {unknown}
 m - a potion of ambrosia
Books
 b - a book of Changes

   Spells                             Type                      Level
   a - Beastly Appendage              Transmutation                1
   b - Sticks to Snakes               Transmutation                2
   c - Spider Form                    Transmutation/Poison         3
   d - Ice Form                       Ice/Transmutation            4
   e - Blade Hands                    Transmutation                5
Comestibles
 c - 2 bread rations
 i - a meat ration
 j - a chunk of flesh


   Skills:
 - Level 1.0 Fighting
 + Level 1.3 Short Blades
 - Level 2.0 Dodging
 + Level 2.7 Stealth
 - Level 3.0 Unarmed Combat
 - Level 2.0 Spellcasting
 + Level 2.8 Transmutations
 + Level 0.5 Poison Magic


You couldn't memorise any spells.
You knew the following spells:

 Your Spells              Type           Power        Failure   Level  Hunger
a - Beastly Appendage     Trmt           ##....       10%         1    #......
b - Sticks to Snakes      Trmt           ##........   12%         2    ###....
c - Spider Form           Trmt/Pois      #.........   34%         3    ###....


Dungeon Overview and Level Annotations

Branches:
Dungeon (2/15)

Altars:
Nemelex Xobeh
Sif Muna


Innate Abilities, Weirdness & Mutations

You cannot wear most types of armour.
You are amphibious.
You can wear up to eight rings at the same time.
You can use your tentacles to constrict eight enemies at once.
Your skin changes colour to match your surroundings (Stealth).
Your rubbery body absorbs attacks (AC +1).


Message History

You miss the adder. Your grab misses the adder.
The adder is lightly wounded.
The adder bites your ball python.
Your ball python dies!
The adder barely misses you.
Casting: Sticks to Snakes
Confirm with . or Enter, or press ? or * to list all spells.
You create a snake!
The adder bites you. The adder bites you.
* * * LOW HITPOINT WARNING * * *
The adder closely misses you.
Drink which item? (? for menu, Esc to quit)
You are confused.
You feel invigorated. The adder bites you. The adder barely misses you.
Are you sure you want to stumble around while confused and next to your ball python? [Y]es or [N]o only, please.
Are you sure you want to stumble around while confused and next to your ball python?
You're too confused to move!
The adder bites you. The adder bites you.
* * * LOW HITPOINT WARNING * * *
The adder bites you.
You die...

,,***#......#,,* #.# #.....(.....
,,,,,###.#_##..* #.# #..#.....#.#
,,**** ######..* #.# #..#####.#..
,,* #....* #.# #..# #....
**********#....* #.# #..#####..##
,,,,,,,,,*#....* #.# #...........
,,,,,,,,.##....###.###.######..##
,,,,,,,,.........................
,,,,,,,,,##....S@S.............#.
,,,,,,,,,*###+#S##.....†.......#.
**********#.....######.#########.
* ********#.##.## #.#*******#+
***,,,,,,,*,*#..# #.#,,,,,,...
,,*,,,,,,,*,*##.# #.#,,,,,,...
,,*,,,,,,,*,***.#* #.*,,,,,....
,,*,,,,,,,*,,,,..* **#..,,,,,,...
8,*,,<,,,,,,,,,..#*#..........,..


You could see 2 adders and a friendly ball python.

Vanquished Creatures
  An adder (D:2)
  A ball python (D:1)
  7 goblins
  5 hobgoblins (D:1)
  5 kobolds
  5 bats
  A giant cockroach (D:1)
  3 giant geckos
  5 giant newts
  3 rats
36 creatures vanquished.

Vanquished Creatures (collateral kills)
  A worm (D:2)
1 creature vanquished.

Grand Total: 37 creatures vanquished

Notes
Turn   | Place    | Note
--------------------------------------------------------------
     0 | D:1      | Ijustatesigmund the Octopode Transmuter began the quest for the Orb.
     0 | D:1      | Reached XP level 1. HP: 13/13 MP: 3/3
   197 | D:1      | Reached skill level 1 in Stealth
   424 | D:1      | Reached XP level 2. HP: 16/18 MP: 5/5
   774 | D:1      | Reached skill level 1 in Short Blades
  1030 | D:1      | Reached XP level 3. HP: 23/23 MP: 6/6
  1100 | D:1      | Learned a level 2 spell: Sticks to Snakes
  1104 | D:1      | Learned a level 3 spell: Spider Form
  1758 | D:2      | Found a sparkling altar of Nemelex Xobeh.
  1764 | D:2      | Found a deep blue altar of Sif Muna.
  1834 | D:2      | Slain by an adder

Vault maps used:
D:1:      minmay_arrival_widening_spiral_narrow, grunt_decor_clamped
D:2:      minitemple, ecumenical_altar_2

Action                   || total
-------------------------++-------
Melee: Dagger            ||    24
       Unarmed           ||     1
       Short sword       ||    44
 Cast: Sticks to Snakes  ||     4
  Use: Scroll            ||     6
       Potion            ||     2
 Stab: Sleeping          ||    12
       Distracted        ||     1
  Eat: Chunk             ||     3
